 Dungeon Crawl Stone Soup version 0.24-a0-584-g9d6b971 (webtiles) character file.

Game seed: 15950043004512006430, levelgen mode: deterministic

48 BoppinsLewinski the Charmwright (level 3, -1/27 HPs)
             Began as a Demonspawn Skald on Sept 3, 2019.
             Slain by a worker ant (4 damage)
             ... on level 1 of the Dungeon.
             The game lasted 00:05:03 (1130 turns).

BoppinsLewinski the Charmwright (Demonspawn Skald)  Turns: 1130, Time: 00:05:03

Health: -1/27      AC:  5    Str: 12    XL:     3   Next: 50%
Magic:  6/6        EV: 11    Int: 14    God:
Gold:   48         SH:  0    Dex: 12    Spells: 5/6 levels left

rFire    . . .     SeeInvis .   a - +0 spear
rCold    . . .     Gourm    .   (no shield)
rNeg     . . .     Faith    .   f - +0 ring mail
rPois    .         Spirit   .   (no helmet)
rElec    .         Reflect  .   (no cloak)
rCorr    .         Harm     .   (no gloves)
MR       .....                  (no boots)
Stlth    +.........             (no amulet)
HPRegen  0.09/turn              (no ring)
MPRegen  0.10/turn              (no ring)

@: no status effects
A: talons 1, sturdy frame 1
a: no special abilities


You were on level 1 of the Dungeon.
You were not hungry.

You visited 1 branch of the dungeon, and saw 2 of its levels.

You collected 48 gold pieces.

Inventory:

Hand Weapons
 a - a +0 spear (weapon)
Armour
 f - a +0 ring mail (worn)
Jewellery
 e - a cursed amulet of inaccuracy {unknown}
Comestibles
 b - 2 chunks of flesh
 d - 2 rations


   Skills:
 + Level 2.2 Fighting
 * Level 2.5 Polearms
 + Level 1.3 Armour
 + Level 2.1 Dodging
 + Level 2.2 Spellcasting
 + Level 2.8 Charms


You had 5 spell levels left.
You knew the following spells:

 Your Spells              Type           Power        Failure   Level  Hunger
a - Infusion              Chrm           #...         11%         1    #......

Your spell library contained the following spells:

 Spells                   Type           Power        Failure   Level  Hunger
 Song of Slaying          Chrm           #.......     16%         2    ###....
 Shroud of Golubria       Chrm/Tloc      #.....       28%         2    ###....
 Regeneration             Chrm/Necr      #.........   50%         3    ###....
 Spectral Weapon          Hex/Chrm       #.......     50%         3    ###....


Dungeon Overview and Level Annotations

Branches:
Dungeon (2/15)

Altars:

Annotations:
D:1 exclusion: downstairs


Innate Abilities, Weirdness & Mutations

You have sharp toenails.
Your movements are slightly less encumbered by armour. (ER -2)


Message History

Tha jackal bites ye.
Tha worker ant barely misses ye.
Ye climb upwards.
Level annotation: 'sclusion: downstairs Thar be a stone staircase leadin' down, spatt'red wit' blood 'ere.
Ye hit tha adder but do nay damage.
Tha adder bites ye but does nay damage. x2
Tha worker ant bites ye but does nay damage.
Unknown command.
Ye hit tha adder but do nay damage.
Tha adder bites ye but does nay damage.
Tha worker ant bites ye.
* * * LOW HITPOINT WARNIN'
* * * Unknown command.
Ye closely miss tha adder.
Tha adder bites ye.
* * * LOW HITPOINT WARNIN'
* * * Tha worker ant bites ye.
* * * LOW HITPOINT WARNIN'
* * * Unknown command.
Ye hit tha adder.
Yer kick misses tha adder.
Tha adder be moderately wounded.
Tha adder closely misses ye.
Tha worker ant bites ye.
Ye die...

##.#≈≈P.8.P≈≈#.....#.......#
#.##≈≈≈.≈≈≈##.....#.......#
#..##≈≈P≈≈##..#.###>......######
#...##≈≈≈##.......'.......'.....
##....#####....#.###.......######
........#........# #.......#
##.#.........)#hg# #.......#
##.#.#....##..#aS# #.......#
##.#.###...#..##@# #########
##.#.#.....#..####
##.#.#.#####..# ##.#.#........#
##.#.########.# ...#..........#
#############.# # #.# # #.#


You could see a worker ant, an adder, a jackal and a hobgoblin.

Vanquished Creatures
  An adder (D:1)
  2 dart slugs (D:1)
  2 giant cockroaches (D:1)
  3 goblins (D:1)
  6 hobgoblins (D:1)
  3 jackals (D:1)
  5 kobolds (D:1)
  A ball python (D:1)
  4 bats (D:1)
  4 frilled lizards (D:1)
  3 rats (D:1)
34 creatures vanquished.

Notes
Turn   | Place    | Note
-------+----------+-------------------------------------------
     0 | D:1      | BoppinsLewinski the Demonspawn Skald began the quest for
                  | the Orb.
     0 | D:1      | Reached XP level 1. HP: 16/16 MP: 3/3
   132 | D:1      | Reached skill level 1 in Armour
   245 | D:1      | Gained mutation: Your movements are slightly less
                  | encumbered by armour. (ER -2) [demonic ancestry]
   245 | D:1      | Reached XP level 2. HP: 19/22 MP: 5/5
   758 | D:1      | Gained mutation: You have sharp toenails. [demonic
                  | ancestry]
   758 | D:1      | Reached XP level 3. HP: 26/27 MP: 6/6
  1130 | D:1      | Slain by a worker ant

Levels and vault maps discovered:
D:1:      lightli_arrival_statuegarden, layout_basic
D:2:      layout_rooms, kennysheep_vampire_church,
          chequers_ecumenical_altar_simple_redux

Skill      XL: |  1  2 |
---------------+-------+-----
Polearms       | 2 |  2.5
Armour         | 1 |  1.3
Dodging        | 2 |  2.1
Fighting       | |  2.2
Spellcasting   | |  2.2
Charms         | |  2.8

Action                   || total
-------------------------++-------
Melee: Spear             ||   164
       Kick              ||     6
  Use: Scroll            ||     1
 Stab: Sleeping          ||     1
  Eat: Chunk             ||     1
Armor: Leather armour    ||    19
       Ring mail         ||    49
Dodge: Dodged            ||   111

Table legend:
 A = Non-vault XP
 B = Vault XP
 C = Vault XP percentage of total XP
 D = Non-vault monster count
 E = Vault monster count
 F = Vault count percentage of total count
                 A         B        C        D         E       F
            +---------+---------+-------+---------+---------+-------
      Total |      69 |       0 |   0.0 |      34 |       0 |   0.0
            +---------+---------+-------+---------+---------+-------
        D:1 |      69 |       0 |   0.0 |      34 |       0 |   0.0
            +---------+---------+-------+---------+---------+-------
